Workbook

Sheet RESUMEN
D8: FUNCIONAMIENTO | E8: 37055.371
D9: INVERSION | E9: 532000
D23: GASTOS DE FUNCIONAMIENTO - COMPROMISOS PRESUPUESTALES
H24: en miles de $
E25: ENERO | F25: FEBRERO | G25: MARZO | H25: ABRIL | I25: MAYO
D26: SERVICOS PERSONALES | E26: =SUM('ENERO -PROYECTO'!H6:H8)/1000 -> 1145563.5 | F26: =SUM('FEBRERO - PROYECTO'!H6:H8)/1000 -> 1165789.4 | G26: =SUM('MARZO - PROYECTO'!H6:H8)/1000 -> 1210188.4 | H26: =SUM('ABRIL - PROYECTO'!H6:H8)/1000 -> 1253526.3 | I26: =SUM('MAYO - PROYECTO'!H5:H7)/1000 -> 1162198.7
D27: GASTOS GENERALES | E27: =SUM('ENERO -PROYECTO'!H9:H10)/1000 -> 1420364.5 | F27: =SUM('FEBRERO - PROYECTO'!H9:H10)/1000 -> 1352865.3 | G27: =SUM('MARZO - PROYECTO'!H9:H10)/1000 -> 252931.58 | H27: =SUM('ABRIL - PROYECTO'!H9:H10)/1000 -> 46032.816 | I27: =SUM('MAYO - PROYECTO'!H8:H9)/1000 -> 178389.87
D28: TRANSFERENCIAS | E28: =SUM('ENERO -PROYECTO'!H11:H17)/1000 -> 840205.01 | F28: =SUM('FEBRERO - PROYECTO'!H11:H17)/1000 -> 1540859.5 | G28: =SUM('MARZO - PROYECTO'!H11:H17)/1000 -> 1503497.5 | H28: =SUM('ABRIL - PROYECTO'!H11:H16)/1000 -> 1067118.6 | I28: =SUM('MAYO - PROYECTO'!H10:H12)/1000 -> 1070345.2
C47: GASTOS DE INVERSION - COMPROMISOS PRESUPUESTALES
H48: en miles de $
E49: ENERO | F49: FEBRERO | G49: MARZO | H49: ABRIL | I49: MAYO
C50: C-4301-1604-8 | D50: APOYO A LA EDUCACIÓN FÍSICA EXTRAESCOLAR Y EL DEPORTE FORMATIVO PARA LA INFANCIA, ADOLESCENCIA Y JUVENTUD A NIVEL NACIONAL | E50: =+'ENERO -PROYECTO'!H19 -> 0 | F50: =+'FEBRERO - PROYECTO'!H19/1000 -> 257.524 | G50: =+'MARZO - PROYECTO'!H19/1000 -> 405986.15 | H50: =+'ABRIL - PROYECTO'!H19/1000 -> 378257.52 | I50: =21384803103/1000 -> 21384803
C51: C-4301-1604-9 | D51: DESARROLLO DE LA ACTIVIDAD FÍSICA Y LOS HÁBITOS Y ESTILOS DE VIDA SALUDABLE A NIVEL NACIONAL | E51: 0 | F51: =+'FEBRERO - PROYECTO'!H20/1000 -> 2472.098 | G51: =+'MARZO - PROYECTO'!H20/1000 -> 175347.54 | H51: =+'ABRIL - PROYECTO'!H20/1000 -> 2186117 | I51: =3613222315/1000 -> 3613222.3
C52: C-4301-1604-10 | D52: DESARROLLO DE LA RECREACIÓN A NIVEL NACIONAL | E52: 0 | F52: 0 | G52: =+'MARZO - PROYECTO'!H21/1000 -> 226817.57 | H52: =+'ABRIL - PROYECTO'!H21/1000 -> 1806488.6 | I52: =1439071715/1000 -> 1439071.7
C53: C-4301-1604-11 | D53: DESARROLLO AL DEPORTE SOCIAL COMUNITARIO NACIONAL | E53: 0 | F53: =+'FEBRERO - PROYECTO'!H22/1000 -> 1282.062 | G53: =+'MARZO - PROYECTO'!H22/1000 -> 291764.19 | H53: =+'ABRIL - PROYECTO'!H22/1000 -> 804220.63 | I53: =2355522789/1000 -> 2355522.8
C54: C-4301-1604-12 | D54: DESARROLLO DEL DEPORTE ESCOLAR COMO HERRAMIENTA DE CONVIVENCIA Y PAZ NACIONAL | E54: 0 | F54: 0 | G54: =+'MARZO - PROYECTO'!H23/1000 -> 178640.39 | H54: =+'ABRIL - PROYECTO'!H23/1000 -> 1698176.3 | I54: =2799313597/1000 -> 2799313.6
C55: C-4302-1604-16 | D55: APOYO A LA INFRAESTRUCTURA DEPORTIVA, RECREATIVA Y DE LA ACTIVIDAD FÍSICA A NIVEL NACIONAL | E55: =+'ENERO -PROYECTO'!H24/1000 -> 157000000 | F55: =+'FEBRERO - PROYECTO'!H24/1000 -> 1639642.7 | G55: =+'MARZO - PROYECTO'!H24/1000 -> 336963.74 | H55: =+'ABRIL - PROYECTO'!H24/1000 -> 303349.49 | I55: =308910808.15/1000 -> 308910.81
C56: C-4302-1604-17 | D56: APOYO A LA INFRAESTRUCTURA DE ALTA COMPETENCIA A NIVEL NACIONAL | E56: 0 | F56: =+'FEBRERO - PROYECTO'!H25/1000 -> 19425387 | G56: =+'MARZO - PROYECTO'!H25/1000 -> 4042792.2 | H56: =+'ABRIL - PROYECTO'!H25/1000 -> 17698002 | I56: =1432495595/1000 -> 1432495.6
C57: C-4302-1604-18 | D57: DESARROLLO DEL SISTEMA PARALÍMPICO PARA EL POSICIONAMIENTO Y LIDERAZGO DEPORTIVO NACIONAL | E57: 0 | F57: =+'FEBRERO - PROYECTO'!H26/1000 -> 2918195.9 | G57: =+'MARZO - PROYECTO'!H26/1000 -> 1721939.3 | H57: =+'ABRIL - PROYECTO'!H26/1000 -> 245889.37 | I57: =377262916/1000 -> 377262.92
C58: C-4302-1604-19 | D58: DESARROLLO AL DEPORTE DEL SISTEMA OLÍMPICO Y CONVENCIONAL PARA EL POSICIONAMIENTO Y LIDERAZGO DEPORTIVO NACIONAL | E58: =+'ENERO -PROYECTO'!H27/1000 -> 5200000 | F58: =+'FEBRERO - PROYECTO'!H27/1000 -> 6742789.2 | G58: =+'MARZO - PROYECTO'!H27/1000 -> 22937034 | H58: =+'ABRIL - PROYECTO'!H27/1000 -> 6397821.7 | I58: =7023037211/1000 -> 7023037.2
C59: C-4302-1604-20 | D59: DESARROLLO DE POLÍTICAS PÚBLICAS E INVESTIGACIÓN SECTORIAL A NIVEL NACIONAL | E59: 0 | F59: =+'FEBRERO - PROYECTO'!H28/1000 -> 42842.8 | G59: =+'MARZO - PROYECTO'!H28/1000 -> 139642.62 | H59: =+'ABRIL - PROYECTO'!H28/1000 -> 16000 | I59: =123384057/1000 -> 123384.06
C60: C-4302-1604-21 | D60: ASISTENCIA A LA COOPERACIÓN INTERNACIONAL DEL SECTOR A NIVEL NACIONAL | E60: 0 | F60: 0 | G60: =+'MARZO - PROYECTO'!H29/1000 -> 131811.84 | H60: 0 | I60: 0
C61: C-4302-1604-22 | D61: APOYO A LA ORGANIZACIÓN DE EVENTOS DEPORTIVOS PARA LA PREPARACIÓN DE ATLETAS Y LA PROMOCIÓN DEL DEPORTE NACIONAL | E61: 0 | F61: =+'FEBRERO - PROYECTO'!H30/1000 -> 1354.587 | G61: =+'MARZO - PROYECTO'!H30/1000 -> 392010.87 | H61: =+'ABRIL - PROYECTO'!H30/1000 -> 28447305 | I61: =423201651/1000 -> 423201.65
C62: C-4302-1604-23 | D62: APOYO A LA INSPECCIÓN, VIGILANCIA Y CONTROL A NIVEL NACIONAL | E62: 0 | F62: =+'FEBRERO - PROYECTO'!H31/1000 -> 4083.261 | G62: =+'MARZO - PROYECTO'!H31/1000 -> 182909.8 | H62: =+'ABRIL - PROYECTO'!H31/1000 -> 377837 | I62: =204412538/1000 -> 204412.54
C63: C-4302-1604-24 | D63: APOYO AL PROGRAMA AL CONTROL DOPAJE NACIONAL | E63: 0 | F63: 0 | G63: =+'MARZO - PROYECTO'!H32/1000 -> 91062.5 | H63: =+'ABRIL - PROYECTO'!H32/1000 -> 1318375 | I63: =1230901/1000 -> 1230.901
C64: C-4302-1604-25 | D64: DESARROLLO AL LABORATORIO DEL CONTROL AL DOPAJE NACIONAL | E64: 0 | F64: =+'FEBRERO - PROYECTO'!H33/1000 -> 312530.4 | G64: =+'MARZO - PROYECTO'!H33/1000 -> 219787.4 | H64: =+'ABRIL - PROYECTO'!H33/1000 -> 224224.55 | I64: =3111406/1000 -> 3111.406
C65: C-4399-1604-7 | D65: IMPLEMENTACIÓN DE LAS TECNOLOGÍAS DE LA INFORMACIÓN Y COMUNICACIÓN PARA EL SISTEMA NACIONAL DEL DEPORTE A NIVEL NACIONAL | E65: 0 | F65: 0 | G65: =+'MARZO - PROYECTO'!H34/1000 -> 200168.47 | H65: =+'ABRIL - PROYECTO'!H34/1000 -> 1305.1422 | I65: =98312609/1000 -> 98312.609
C66: C-4399-1604-8 | D66: MEJORAMIENTO SEDES COLDEPORTES BOGOTÁ | E66: 0 | F66: =+'FEBRERO - PROYECTO'!H35/1000 -> 92195.355 | G66: =+'MARZO - PROYECTO'!H35/1000 -> 872834.28 | H66: =+'ABRIL - PROYECTO'!H35/1000 -> 1558989.6 | I66: =88111852/1000 -> 88111.852
C67: C-4399-1604-9 | D67: APOYO AL FORTALECIMIENTO DEL SECTOR A NIVEL NACIONAL | E67: 0 | F67: =+'FEBRERO - PROYECTO'!H36/1000 -> 541780.64 | G67: =+'MARZO - PROYECTO'!H36/1000 -> 80299.983 | H67: =+'ABRIL - PROYECTO'!H36/1000 -> 280259.5 | I67: =205257510/1000 -> 205257.51
E68: =SUM(E50:E67) -> 162200000 | F68: =SUM(F50:F67) -> 31724814 | G68: =SUM(G50:G67) -> 32627813 | H68: =SUM(H50:H67) -> 63742618 | I68: =SUM(I50:I67) -> 41880663

Sheet ACUMULADO A MAYO -X PROYECTO
B1: 2019
B2: Actual
B3: Enero-Mayo
B4: RUBRO | C4: TIPO | D4: CTA | E4: SUB CTA | F4: OBJ | G4: ORD | H4: SOR ORD | I4: ITEM | J4: SUB ITEM | K4: SUB ITEM 2 | L4: FUENTE | M4: REC | N4: SIT | O4: DESCRIPCION | P4: APR. VIGENTE | Q4: APR BLOQUEADA | R4: CDP | S4: APR. DISPONIBLE | T4: COMPROMISO | U4: OBLIGACION | V4: PAGOS
B5: A-01-01-01 | C5: A | D5: 01 | E5: 01 | F5: 01 | L5: Nación | M5: 10 | N5: CSF | O5: SALARIO | P5: 11589000000 | Q5: 0 | R5: 3889566010 | S5: 7699433990 | T5: 3889566010 | U5: 3889566010 | V5: 3889566010
B6: A-01-01-02 | C6: A | D6: 01 | E6: 01 | F6: 02 | L6: Nación | M6: 10 | N6: CSF | O6: CONTRIBUCIONES INHERENTES A LA NÓMINA | P6: 3935000000 | Q6: 0 | R6: 1489835104 | S6: 2445164896 | T6: 1489835104 | U6: 1489835104 | V6: 1489835104
B7: A-01-01-03 | C7: A | D7: 01 | E7: 01 | F7: 03 | L7: Nación | M7: 10 | N7: CSF | O7: REMUNERACIONES NO CONSTITUTIVAS DE FACTOR SALARIAL | P7: 1337000000 | Q7: 0 | R7: 557865100 | S7: 779134900 | T7: 557865100 | U7: 557865100 | V7: 557865100
B8: A-02-01 | C8: A | D8: 02 | E8: 01 | L8: Nación | M8: 10 | N8: CSF | O8: ADQUISICIÓN DE ACTIVOS NO FINANCIEROS | P8: 10000000 | Q8: 0 | R8: 9000000 | S8: 1000000 | T8: 2772113 | U8: 2772113 | V8: 2772113
B9: A-02-02 | C9: A | D9: 02 | E9: 02 | L9: Nación | M9: 10 | N9: CSF | O9: ADQUISICIONES DIFERENTES DE ACTIVOS | P9: 4202371065 | Q9: 0 | R9: 4013602130 | S9: 188768935 | T9: 3.2478119e+09 | U9: 1.6856664e+09 | V9: 1.6851399e+09
B10: A-03-03-04-048 | C10: A | D10: 03 | E10: 03 | F10: 04 | G10: 048 | L10: Nación | M10: 10 | N10: CSF | O10: ESCUELA NACIONAL DEL DEPORTE - ART. 51 DECRETO 2845 DE 1984 | P10: 14085000000 | Q10: 0 | R10: 5.0981602e+09 | S10: 8.9868398e+09 | T10: 5.0981602e+09 | U10: 5.0981602e+09 | V10: 5.0981602e+09
B11: A-03-04-02-001 | C11: A | D11: 03 | E11: 04 | F11: 02 | G11: 001 | L11: Nación | M11: 10 | N11: CSF | O11: MESADAS PENSIONALES (DE PENSIONES) | P11: 1153000000 | Q11: 0 | R11: 4.6896196e+08 | S11: 6.8403804e+08 | T11: 4.6896196e+08 | U11: 2.2160977e+08 | V11: 2.2160977e+08
B12: A-03-04-02-012 | C12: A | D12: 03 | E12: 04 | F12: 02 | G12: 012 | L12: Nación | M12: 10 | N12: CSF | O12: INCAPACIDADES Y LICENCIAS DE MATERNIDAD Y PATERNIDAD (NO DE PENSIONES) | P12: 56000000 | Q12: 0 | R12: 38071439 | S12: 17928561 | T12: 38071439 | U12: 38071439 | V12: 38071439
B13: A-03-10-01-001 | C13: A | D13: 03 | E13: 10 | F13: 01 | G13: 001 | L13: Nación | M13: 11 | N13: CSF | O13: SENTENCIAS | P13: 91000000 | Q13: 0 | R13: 0 | S13: 91000000 | T13: 0 | U13: 0 | V13: 0
B14: A-08-01 | C14: A | D14: 08 | E14: 01 | L14: Nación | M14: 10 | N14: CSF | O14: IMPUESTOS | P14: 10000000 | Q14: 0 | R14: 0 | S14: 10000000 | T14: 0 | U14: 0 | V14: 0
B15: A-08-03 | C15: A | D15: 08 | E15: 03 | L15: Nación | M15: 10 | N15: CSF | O15: TASAS Y DERECHOS ADMINISTRATIVOS | P15: 10000000 | Q15: 0 | R15: 0 | S15: 10000000 | T15: 0 | U15: 0 | V15: 0
B16: A-08-04-01 | C16: A | D16: 08 | E16: 04 | F16: 01 | L16: Nación | M16: 11 | N16: SSF | O16: CUOTA DE FISCALIZACIÓN Y AUDITAJE | P16: 577000000 | Q16: 0 | R16: 416832085 | S16: 160167915 | T16: 416832085 | U16: 416832085 | V16: 416832085
P17: =SUM(P5:P16) -> 37055371065 | Q17: =SUM(Q5:Q16) -> 0 | R17: =SUM(R5:R16) -> 1.5981894e+10 | S17: =SUM(S5:S16) -> 2.1073477e+10 | T17: =SUM(T5:T16) -> 1.5209876e+10 | U17: =SUM(U5:U16) -> 1.3400378e+10 | V17: =SUM(V5:V16) -> 1.3399852e+10
B18: C-4301-1604-8 | C18: C | D18: 4301 | E18: 1604 | F18: 8 | L18: Nación | M18: 10 | N18: CSF | O18: APOYO A LA EDUCACIÓN FÍSICA EXTRAESCOLAR Y EL DEPORTE FORMATIVO PARA LA INFANCIA, ADOLESCENCIA Y JUVENTUD A NIVEL NACIONAL | P18: 73269266052 | Q18: 42569266052 | R18: 25960632501 | S18: 4739367499 | T18: 22169304305 | U18: 102034533 | V18: 102034533
B19: C-4301-1604-9 | C19: C | D19: 4301 | E19: 1604 | F19: 9 | L19: Nación | M19: 10 | N19: CSF | O19: DESARROLLO DE LA ACTIVIDAD FÍSICA Y LOS HÁBITOS Y ESTILOS DE VIDA SALUDABLE A NIVEL NACIONAL | P19: 8750000000 | Q19: 0 | R19: 6651998935 | S19: 2098001065 | T19: 5977158935 | U19: 609666334 | V19: 609666334
B20: C-4301-1604-10 | C20: C | D20: 4301 | E20: 1604 | F20: 10 | L20: Nación | M20: 10 | N20: CSF | O20: DESARROLLO DE LA RECREACIÓN A NIVEL NACIONAL | P20: 8403000000 | Q20: 0 | R20: 6675377851 | S20: 1727622149 | T20: 3472377851 | U20: 57990312 | V20: 57990312
B21: C-4301-1604-11 | C21: C | D21: 4301 | E21: 1604 | F21: 11 | L21: Nación | M21: 10 | N21: CSF | O21: DESARROLLO AL DEPORTE SOCIAL COMUNITARIO NACIONAL | P21: 7782000000 | Q21: 0 | R21: 5778939669 | S21: 2003060331 | T21: 3452789669 | U21: 60799064 | V21: 60799064
B22: C-4301-1604-12 | C22: C | D22: 4301 | E22: 1604 | F22: 12 | L22: Nación | M22: 10 | N22: CSF | O22: DESARROLLO DEL DEPORTE ESCOLAR COMO HERRAMIENTA DE CONVIVENCIA Y PAZ NACIONAL | P22: 9230000000 | Q22: 0 | R22: 5823670325 | S22: 3406329675 | T22: 4676130325 | U22: 44629036 | V22: 44629036
B23: C-4302-1604-16 | C23: C | D23: 4302 | E23: 1604 | F23: 16 | L23: Nación | M23: 10 | N23: CSF | O23: APOYO A LA INFRAESTRUCTURA DEPORTIVA, RECREATIVA Y DE LA ACTIVIDAD FÍSICA A NIVEL NACIONAL | P23: 175651000000 | Q23: 0 | R23: 159913455332 | S23: 15737544668 | T23: 1.5958887e+11 | U23: 16053917848 | V23: 16053917848
B24: C-4302-1604-17 | C24: C | D24: 4302 | E24: 1604 | F24: 17 | L24: Nación | M24: 10 | N24: CSF | O24: APOYO A LA INFRAESTRUCTURA DE ALTA COMPETENCIA A NIVEL NACIONAL | P24: 62490000000 | Q24: 6500000000 | R24: 44415458784 | S24: 11574541216 | T24: 42598676533 | U24: 7767304552 | V24: 7767304552
B25: C-4302-1604-18 | C25: C | D25: 4302 | E25: 1604 | F25: 18 | L25: Nación | M25: 10 | N25: CSF | O25: DESARROLLO DEL SISTEMA PARALÍMPICO PARA EL POSICIONAMIENTO Y LIDERAZGO DEPORTIVO NACIONAL | P25: 13299733948 | Q25: 1266283948 | R25: 8564153682 | S25: 3469296318 | T25: 5263287438 | U25: 2987643738 | V25: 2987643738
B26: C-4302-1604-19 | C26: C | D26: 4302 | E26: 1604 | F26: 19 | L26: Nación | M26: 10 | N26: CSF | O26: DESARROLLO AL DEPORTE DEL SISTEMA OLÍMPICO Y CONVENCIONAL PARA EL POSICIONAMIENTO Y LIDERAZGO DEPORTIVO NACIONAL | P26: 96155000000 | Q26: 19664450000 | R26: 60273406061 | S26: 16217143939 | T26: 48300682274 | U26: 22010546447 | V26: 22010546447
B27: C-4302-1604-20 | C27: C | D27: 4302 | E27: 1604 | F27: 20 | L27: Nación | M27: 10 | N27: CSF | O27: DESARROLLO DE POLÍTICAS PÚBLICAS E INVESTIGACIÓN SECTORIAL A NIVEL NACIONAL | P27: 1000000000 | Q27: 0 | R27: 321869475 | S27: 678130525 | T27: 321869475 | U27: 44136318 | V27: 44136318
B28: C-4302-1604-21 | C28: C | D28: 4302 | E28: 1604 | F28: 21 | L28: Nación | M28: 10 | N28: CSF | O28: ASISTENCIA A LA COOPERACIÓN INTERNACIONAL DEL SECTOR A NIVEL NACIONAL | P28: 1200000000 | Q28: 0 | R28: 1073011837 | S28: 126988163 | T28: 131811837 | U28: 25495170 | V28: 25495170
B29: C-4302-1604-22 | C29: C | D29: 4302 | E29: 1604 | F29: 22 | L29: Nación | M29: 10 | N29: CSF | O29: APOYO A LA ORGANIZACIÓN DE EVENTOS DEPORTIVOS PARA LA PREPARACIÓN DE ATLETAS Y LA PROMOCIÓN DEL DEPORTE NACIONAL | P29: 45620000000 | Q29: 0 | R29: 32095983024 | S29: 13524016976 | T29: 29263872274 | U29: 14737946093 | V29: 14737946093
... B35: C-4399-1604-9 | C35: C | D35: 4399 | E35: 1604 | F35: 9 | L35: Nación | M35: 10 | N35: CSF | O35: APOYO AL FORTALECIMIENTO DEL SECTOR A NIVEL NACIONAL | P35: 5950000000 | Q35: 0 | R35: 1254864300 | S35: 4695135700 | T35: 1107597633 | U35: 220869490 | V35: 220869490
P36: =SUM(P18:P35) -> 532000000000 | Q36: =SUM(Q18:Q35) -> 70000000000 | R36: =SUM(R18:R35) -> 3.6796077e+11 | S36: =SUM(S18:S35) -> 9.4039232e+10 | T36: =SUM(T18:T35) -> 3.3217591e+11 | U36: =SUM(U18:U35) -> 6.6281811e+10 | V36: =SUM(V18:V35) -> 6.6281811e+10
P37: =+P36+P17 -> 569055371065 | Q37: =+Q36+Q17 -> 70000000000 | R37: =+R36+R17 -> 3.8394266e+11 | S37: =+S36+S17 -> 1.1511271e+11 | T37: =+T36+T17 -> 3.4738578e+11 | U37: =+U36+U17 -> 7.9682189e+10 | V37: =+V36+V17 -> 7.9681663e+10

Sheet ENERO -PROYECTO
B1: 2019
B2: Actual
B3: Enero-Enero
B4: RUBRO | C4: DESCRIPCION | D4: APR. VIGENTE | E4: APR BLOQUEADA | F4: CDP | G4: APR. DISPONIBLE | H4: COMPROMISO | I4: OBLIGACION | J4: PAGOS
C5: FUNCI0NAMIENTO | D5: =SUM(D6:D17) -> 37055371065 | E5: =SUM(E6:E17) -> 0 | F5: =SUM(F6:F17) -> 4891871832 | G5: =SUM(G6:G17) -> 32163499233 | H5: =SUM(H6:H17) -> 3.406133e+09 | I5: =SUM(I6:I17) -> 1.6462257e+09 | J5: =SUM(J6:J17) -> 1.6462257e+09
B6: A-01-01-01 | C6: SALARIO | D6: 11589000000 | E6: 0 | F6: 747324685 | G6: 10841675315 | H6: 747324685 | I6: 747324685 | J6: 747324685
B7: A-01-01-02 | C7: CONTRIBUCIONES INHERENTES A LA NÓMINA | D7: 3935000000 | E7: 0 | F7: 301083723 | G7: 3633916277 | H7: 301083723 | I7: 298280923 | J7: 298280923
B8: A-01-01-03 | C8: REMUNERACIONES NO CONSTITUTIVAS DE FACTOR SALARIAL | D8: 1337000000 | E8: 0 | F8: 97155091 | G8: 1239844909 | H8: 97155091 | I8: 97155091 | J8: 97155091
B9: A-02-01 | C9: ADQUISICIÓN DE ACTIVOS NO FINANCIEROS | D9: 10000000 | E9: 0 | F9: 0 | G9: 10000000 | H9: 0 | I9: 0 | J9: 0
B10: A-02-02 | C10: ADQUISICIONES DIFERENTES DE ACTIVOS | D10: 3952371065 | E10: 0 | F10: 2895443839 | G10: 1056927226 | H10: 1.4203645e+09 | I10: 58103721 | J10: 58103721
B11: A-03-03-04-048 | C11: ESCUELA NACIONAL DEL DEPORTE - ART. 51 DECRETO 2845 DE 1984 | D11: 14085000000 | E11: 0 | F11: 0 | G11: 14085000000 | H11: 0 | I11: 0 | J11: 0
B12: A-03-04-02-001 | C12: MESADAS PENSIONALES (DE PENSIONES) | D12: 1403000000 | E12: 0 | F12: 431984112 | G12: 971015888 | H12: 421324627 | I12: 26480930 | J12: 26480930
B13: A-03-04-02-012 | C13: INCAPACIDADES Y LICENCIAS DE MATERNIDAD Y PATERNIDAD (NO DE PENSIONES) | D13: 56000000 | E13: 0 | F13: 2048297 | G13: 53951703 | H13: 2048297 | I13: 2048297 | J13: 2048297
B14: A-03-10-01-001 | C14: SENTENCIAS | D14: 91000000 | E14: 0 | F14: 0 | G14: 91000000 | H14: 0 | I14: 0 | J14: 0
B15: A-08-01 | C15: IMPUESTOS | D15: 10000000 | E15: 0 | F15: 0 | G15: 10000000 | H15: 0 | I15: 0 | J15: 0
B16: A-08-03 | C16: TASAS Y DERECHOS ADMINISTRATIVOS | D16: 10000000 | E16: 0 | F16: 0 | G16: 10000000 | H16: 0 | I16: 0 | J16: 0
B17: A-08-04-01 | C17: CUOTA DE FISCALIZACIÓN Y AUDITAJE | D17: 577000000 | E17: 0 | F17: 416832085 | G17: 160167915 | H17: 416832085 | I17: 416832085 | J17: 416832085
C18: INVERSION | D18: =SUM(D19:D36) -> 532000000000 | E18: =SUM(E19:E36) -> 250000000000 | F18: =SUM(F19:F36) -> 208616500000 | G18: =SUM(G19:G36) -> 73383500000 | H18: =SUM(H19:H36) -> 162200000000 | I18: =SUM(I19:I36) -> 0 | J18: =SUM(J19:J36) -> 0
B19: C-4301-1604-8 | C19: APOYO A LA EDUCACIÓN FÍSICA EXTRAESCOLAR Y EL DEPORTE FORMATIVO PARA LA INFANCIA, ADOLESCENCIA Y JUVENTUD A NIVEL NACIONAL | D19: 73269266052 | E19: 73269266052 | F19: 0 | G19: 0 | H19: 0 | I19: 0 | J19: 0
B20: C-4301-1604-9 | C20: DESARROLLO DE LA ACTIVIDAD FÍSICA Y LOS HÁBITOS Y ESTILOS DE VIDA SALUDABLE A NIVEL NACIONAL | D20: 8750000000 | E20: 8750000000 | F20: 0 | G20: 0 | H20: 0 | I20: 0 | J20: 0
B21: C-4301-1604-10 | C21: DESARROLLO DE LA RECREACIÓN A NIVEL NACIONAL | D21: 8403000000 | E21: 8403000000 | F21: 0 | G21: 0 | H21: 0 | I21: 0 | J21: 0
B22: C-4301-1604-11 | C22: DESARROLLO AL DEPORTE SOCIAL COMUNITARIO NACIONAL | D22: 7782000000 | E22: 7782000000 | F22: 0 | G22: 0 | H22: 0 | I22: 0 | J22: 0
B23: C-4301-1604-12 | C23: DESARROLLO DEL DEPORTE ESCOLAR COMO HERRAMIENTA DE CONVIVENCIA Y PAZ NACIONAL | D23: 9230000000 | E23: 9230000000 | F23: 0 | G23: 0 | H23: 0 | I23: 0 | J23: 0
B24: C-4302-1604-16 | C24: APOYO A LA INFRAESTRUCTURA DEPORTIVA, RECREATIVA Y DE LA ACTIVIDAD FÍSICA A NIVEL NACIONAL | D24: 175651000000 | E24: 18651000000 | F24: 157000000000 | G24: 0 | H24: 157000000000 | I24: 0 | J24: 0
B25: C-4302-1604-17 | C25: APOYO A LA INFRAESTRUCTURA DE ALTA COMPETENCIA A NIVEL NACIONAL | D25: 62490000000 | E25: 18490000000 | F25: 44000000000 | G25: 0 | H25: 0 | I25: 0 | J25: 0
B26: C-4302-1604-18 | C26: DESARROLLO DEL SISTEMA PARALÍMPICO PARA EL POSICIONAMIENTO Y LIDERAZGO DEPORTIVO NACIONAL | D26: 13299733948 | E26: 5399733948 | F26: 503500000 | G26: 7396500000 | H26: 0 | I26: 0 | J26: 0
B27: C-4302-1604-19 | C27: DESARROLLO AL DEPORTE DEL SISTEMA OLÍMPICO Y CONVENCIONAL PARA EL POSICIONAMIENTO Y LIDERAZGO DEPORTIVO NACIONAL | D27: 96155000000 | E27: 23055000000 | F27: 7113000000 | G27: 65987000000 | H27: 5200000000 | I27: 0 | J27: 0
B28: C-4302-1604-20 | C28: DESARROLLO DE POLÍTICAS PÚBLICAS E INVESTIGACIÓN SECTORIAL A NIVEL NACIONAL | D28: 1000000000 | E28: 1000000000 | F28: 0 | G28: 0 | H28: 0 | I28: 0 | J28: 0
B29: C-4302-1604-21 | C29: ASISTENCIA A LA COOPERACIÓN INTERNACIONAL DEL SECTOR A NIVEL NACIONAL | D29: 1200000000 | E29: 1200000000 | F29: 0 | G29: 0 | H29: 0 | I29: 0 | J29: 0
B30: C-4302-1604-22 | C30: APOYO A LA ORGANIZACIÓN DE EVENTOS DEPORTIVOS PARA LA PREPARACIÓN DE ATLETAS Y LA PROMOCIÓN DEL DEPORTE NACIONAL | D30: 45620000000 | E30: 45620000000 | F30: 0 | G30: 0 | H30: 0 | I30: 0 | J30: 0
... B36: C-4399-1604-9 | C36: APOYO AL FORTALECIMIENTO DEL SECTOR A NIVEL NACIONAL | D36: 5950000000 | E36: 5950000000 | F36: 0 | G36: 0 | H36: 0 | I36: 0 | J36: 0
C37: PRESUPUSTO TOTAL | D37: =+D18+D5 -> 569055371065 | E37: =+E18+E5 -> 250000000000 | F37: =+F18+F5 -> 213508371832 | G37: =+G18+G5 -> 105546999233 | H37: =+H18+H5 -> 1.6560613e+11 | I37: =+I18+I5 -> 1.6462257e+09 | J37: =+J18+J5 -> 1.6462257e+09

Sheet FEBRERO - PROYECTO
B1: 2019
B2: Actual
B3: Febrero
B4: RUBRO | C4: DESCRIPCION | D4: APR. VIGENTE | E4: APR BLOQUEADA | F4: CDP | G4: APR. DISPONIBLE | H4: COMPROMISO | I4: OBLIGACION | J4: PAGOS
C5: FUNCIONAMIENTO | D5: =SUM(D6:D17) -> 37055371065 | E5: =SUM(E6:E17) -> 0 | F5: =SUM(F6:F17) -> 3.398311e+09 | G5: =SUM(G6:G17) -> 3.365706e+10 | H5: =SUM(H6:H17) -> 4.0595141e+09 | I5: =SUM(I6:I17) -> 2.9522929e+09 | J5: =SUM(J6:J17) -> 2.9522929e+09
B6: A-01-01-01 | C6: SALARIO | D6: 11589000000 | E6: 0 | F6: 782104202 | G6: 10806895798 | H6: 782104202 | I6: 782104202 | J6: 782104202
B7: A-01-01-02 | C7: CONTRIBUCIONES INHERENTES A LA NÓMINA | D7: 3935000000 | E7: 0 | F7: 305369802 | G7: 3629630198 | H7: 305369802 | I7: 308074902 | J7: 308074902
B8: A-01-01-03 | C8: REMUNERACIONES NO CONSTITUTIVAS DE FACTOR SALARIAL | D8: 1337000000 | E8: 0 | F8: 78315346 | G8: 1258684654 | H8: 78315346 | I8: 78315346 | J8: 78315346
B9: A-02-01 | C9: ADQUISICIÓN DE ACTIVOS NO FINANCIEROS | D9: 10000000 | E9: 0 | F9: 9000000 | G9: 1000000 | H9: 2500000 | I9: 2500000 | J9: 2500000
B10: A-02-02 | C10: ADQUISICIONES DIFERENTES DE ACTIVOS | D10: 3952371065 | E10: 0 | F10: 693321638 | G10: 3259049427 | H10: 1.3503653e+09 | I10: 1.7595575e+08 | J10: 1.7595575e+08
B11: A-03-03-04-048 | C11: ESCUELA NACIONAL DEL DEPORTE - ART. 51 DECRETO 2845 DE 1984 | D11: 14085000000 | E11: 0 | F11: 1534488509 | G11: 12550511491 | H11: 1534488509 | I11: 1534488509 | J11: 1534488509
B12: A-03-04-02-001 | C12: MESADAS PENSIONALES (DE PENSIONES) | D12: 1403000000 | E12: 0 | F12: -10177680 | G12: 1.4131777e+09 | H12: 481804.6 | I12: 67013253 | J12: 67013253
B13: A-03-04-02-012 | C13: INCAPACIDADES Y LICENCIAS DE MATERNIDAD Y PATERNIDAD (NO DE PENSIONES) | D13: 56000000 | E13: 0 | F13: 5889192 | G13: 50110808 | H13: 5889192 | I13: 3840895 | J13: 3840895
B14: A-03-10-01-001 | C14: SENTENCIAS | D14: 91000000 | E14: 0 | F14: 0 | G14: 91000000 | H14: 0 | I14: 0 | J14: 0
B15: A-08-01 | C15: IMPUESTOS | D15: 10000000 | E15: 0 | F15: 0 | G15: 10000000 | H15: 0 | I15: 0 | J15: 0
B16: A-08-03 | C16: TASAS Y DERECHOS ADMINISTRATIVOS | D16: 10000000 | E16: 0 | F16: 0 | G16: 10000000 | H16: 0 | I16: 0 | J16: 0
B17: A-08-04-01 | C17: CUOTA DE FISCALIZACIÓN Y AUDITAJE | D17: 577000000 | E17: 0 | F17: 0 | G17: 577000000 | H17: 0 | I17: 0 | J17: 0
C18: INVERSION | D18: =SUM(D19:D36) -> 532000000000 | E18: =SUM(E19:E36) -> 70000000000 | F18: =SUM(F19:F36) -> 48758804097 | G18: =SUM(G19:G36) -> 413241195903 | H18: =SUM(H19:H36) -> 31724813803 | I18: =SUM(I19:I36) -> 5747226741 | J18: =SUM(J19:J36) -> 5747226741
B19: C-4301-1604-8 | C19: APOYO A LA EDUCACIÓN FÍSICA EXTRAESCOLAR Y EL DEPORTE FORMATIVO PARA LA INFANCIA, ADOLESCENCIA Y JUVENTUD A NIVEL NACIONAL | D19: 73269266052 | E19: 42569266052 | F19: 405585524 | G19: 30294414476 | H19: 257524 | I19: 0 | J19: 0
B20: C-4301-1604-9 | C20: DESARROLLO DE LA ACTIVIDAD FÍSICA Y LOS HÁBITOS Y ESTILOS DE VIDA SALUDABLE A NIVEL NACIONAL | D20: 8750000000 | E20: 0 | F20: 212472098 | G20: 8537527902 | H20: 2472098 | I20: 0 | J20: 0
B21: C-4301-1604-10 | C21: DESARROLLO DE LA RECREACIÓN A NIVEL NACIONAL | D21: 8403000000 | E21: 0 | F21: 229600000 | G21: 8173400000 | H21: 0 | I21: 0 | J21: 0
B22: C-4301-1604-11 | C22: DESARROLLO AL DEPORTE SOCIAL COMUNITARIO NACIONAL | D22: 7782000000 | E22: 0 | F22: 290599606 | G22: 7491400394 | H22: 1282062 | I22: 0 | J22: 0
B23: C-4301-1604-12 | C23: DESARROLLO DEL DEPORTE ESCOLAR COMO HERRAMIENTA DE CONVIVENCIA Y PAZ NACIONAL | D23: 9230000000 | E23: 0 | F23: 213500000 | G23: 9016500000 | H23: 0 | I23: 0 | J23: 0
B24: C-4302-1604-16 | C24: APOYO A LA INFRAESTRUCTURA DEPORTIVA, RECREATIVA Y DE LA ACTIVIDAD FÍSICA A NIVEL NACIONAL | D24: 175651000000 | E24: 0 | F24: 1823442724 | G24: 173827557276 | H24: 1639642724 | I24: 0 | J24: 0
B25: C-4302-1604-17 | C25: APOYO A LA INFRAESTRUCTURA DE ALTA COMPETENCIA A NIVEL NACIONAL | D25: 62490000000 | E25: 6500000000 | F25: 238778285 | G25: 55751221715 | H25: 19425387225 | I25: 0 | J25: 0
B26: C-4302-1604-18 | C26: DESARROLLO DEL SISTEMA PARALÍMPICO PARA EL POSICIONAMIENTO Y LIDERAZGO DEPORTIVO NACIONAL | D26: 13299733948 | E26: 1266283948 | F26: 6546537600 | G26: 5486912400 | H26: 2918195878 | I26: 244708278 | J26: 244708278
B27: C-4302-1604-19 | C27: DESARROLLO AL DEPORTE DEL SISTEMA OLÍMPICO Y CONVENCIONAL PARA EL POSICIONAMIENTO Y LIDERAZGO DEPORTIVO NACIONAL | D27: 96155000000 | E27: 19664450000 | F27: 34470959380 | G27: 42019590620 | H27: 6742789250 | I27: 5501870473 | J27: 5501870473
B28: C-4302-1604-20 | C28: DESARROLLO DE POLÍTICAS PÚBLICAS E INVESTIGACIÓN SECTORIAL A NIVEL NACIONAL | D28: 1000000000 | E28: 0 | F28: 42842800 | G28: 957157200 | H28: 42842800 | I28: 0 | J28: 0
B29: C-4302-1604-21 | C29: ASISTENCIA A LA COOPERACIÓN INTERNACIONAL DEL SECTOR A NIVEL NACIONAL | D29: 1200000000 | E29: 0 | F29: 0 | G29: 1200000000 | H29: 0 | I29: 0 | J29: 0
B30: C-4302-1604-22 | C30: APOYO A LA ORGANIZACIÓN DE EVENTOS DEPORTIVOS PARA LA PREPARACIÓN DE ATLETAS Y LA PROMOCIÓN DEL DEPORTE NACIONAL | D30: 45620000000 | E30: 0 | F30: 67854587 | G30: 45552145413 | H30: 1354587 | I30: 0 | J30: 0
... B36: C-4399-1604-9 | C36: APOYO AL FORTALECIMIENTO DEL SECTOR A NIVEL NACIONAL | D36: 5950000000 | E36: 0 | F36: 665883095 | G36: 5284116905 | H36: 541780639 | I36: 647990 | J36: 647990
C37: PRESUPUSTO TOTAL | D37: 569055371065 | E37: 70000000000 | F37: 5.2157115e+10 | G37: 4.4689826e+11 | H37: 3.5784328e+10 | I37: 8.6995196e+09 | J37: 8.6995196e+09

Sheet MARZO - PROYECTO
B1: 2019
B2: Actual
B3: Marzo
B4: RUBRO | C4: DESCRIPCION | D4: APR. VIGENTE | E4: APR BLOQUEADA | F4: CDP | G4: APR. DISPONIBLE | H4: COMPROMISO | I4: OBLIGACION | J4: PAGOS
C5: FUNCIONAMIENTO | D5: =SUM(D6:D17) -> 37055371065 | E5: =SUM(E6:E17) -> 0 | F5: =SUM(F6:F17) -> 2943418200 | G5: =SUM(G6:G17) -> 34111952865 | H5: =SUM(H6:H17) -> 2966617402 | I5: =SUM(I6:I17) -> 3258436579 | J5: =SUM(J6:J17) -> 3258436579
B6: A-01-01-01 | C6: SALARIO | D6: 11589000000 | E6: 0 | F6: 789114750 | G6: 10799885250 | H6: 789114750 | I6: 789114750 | J6: 789114750
B7: A-01-01-02 | C7: CONTRIBUCIONES INHERENTES A LA NÓMINA | D7: 3935000000 | E7: 0 | F7: 296359660 | G7: 3638640340 | H7: 296359660 | I7: 296457360 | J7: 296457360
B8: A-01-01-03 | C8: REMUNERACIONES NO CONSTITUTIVAS DE FACTOR SALARIAL | D8: 1337000000 | E8: 0 | F8: 124713954 | G8: 1212286046 | H8: 124713954 | I8: 124713954 | J8: 124713954
B9: A-02-01 | C9: ADQUISICIÓN DE ACTIVOS NO FINANCIEROS | D9: 10000000 | E9: 0 | F9: 0 | G9: 10000000 | H9: 0 | I9: 0 | J9: 0
B10: A-02-02 | C10: ADQUISICIONES DIFERENTES DE ACTIVOS | D10: 3952371065 | E10: 0 | F10: 229732377 | G10: 3722638688 | H10: 252931579 | I10: 5.1480374e+08 | J10: 5.1480374e+08
B11: A-03-03-04-048 | C11: ESCUELA NACIONAL DEL DEPORTE - ART. 51 DECRETO 2845 DE 1984 | D11: 14085000000 | E11: 0 | F11: 1497389758 | G11: 12587610242 | H11: 1497389758 | I11: 1497389758 | J11: 1497389758
B12: A-03-04-02-001 | C12: MESADAS PENSIONALES (DE PENSIONES) | D12: 1403000000 | E12: 0 | F12: 2791912 | G12: 1400208088 | H12: 2791912 | I12: 30592934 | J12: 30592934
B13: A-03-04-02-012 | C13: INCAPACIDADES Y LICENCIAS DE MATERNIDAD Y PATERNIDAD (NO DE PENSIONES) | D13: 56000000 | E13: 0 | F13: 3315789 | G13: 52684211 | H13: 3315789 | I13: 5364086 | J13: 5364086
B14: A-03-10-01-001 | C14: SENTENCIAS | D14: 91000000 | E14: 0 | F14: 0 | G14: 91000000 | H14: 0 | I14: 0 | J14: 0
B15: A-08-01 | C15: IMPUESTOS | D15: 10000000 | E15: 0 | F15: 0 | G15: 10000000 | H15: 0 | I15: 0 | J15: 0
B16: A-08-03 | C16: TASAS Y DERECHOS ADMINISTRATIVOS | D16: 10000000 | E16: 0 | F16: 0 | G16: 10000000 | H16: 0 | I16: 0 | J16: 0
B17: A-08-04-01 | C17: CUOTA DE FISCALIZACIÓN Y AUDITAJE | D17: 577000000 | E17: 0 | F17: 0 | G17: 577000000 | H17: 0 | I17: 0 | J17: 0
C18: INVERSION | D18: =SUM(D19:D36) -> 532000000000 | E18: =SUM(E19:E36) -> 70000000000 | F18: =SUM(F19:F36) -> 3.5466958e+10 | G18: =SUM(G19:G36) -> 4.2653304e+11 | H18: =SUM(H19:H36) -> 3.2627813e+10 | I18: =SUM(I19:I36) -> 14075664488 | J18: =SUM(J19:J36) -> 14075664488
B19: C-4301-1604-8 | C19: APOYO A LA EDUCACIÓN FÍSICA EXTRAESCOLAR Y EL DEPORTE FORMATIVO PARA LA INFANCIA, ADOLESCENCIA Y JUVENTUD A NIVEL NACIONAL | D19: 73269266052 | E19: 42569266052 | F19: 274322154 | G19: 30425677846 | H19: 405986154 | I19: 1532666 | J19: 1532666
B20: C-4301-1604-9 | C20: DESARROLLO DE LA ACTIVIDAD FÍSICA Y LOS HÁBITOS Y ESTILOS DE VIDA SALUDABLE A NIVEL NACIONAL | D20: 8750000000 | E20: 0 | F20: 4104047543 | G20: 4645952457 | H20: 175347543 | I20: 2418847 | J20: 2418847
B21: C-4301-1604-10 | C21: DESARROLLO DE LA RECREACIÓN A NIVEL NACIONAL | D21: 8403000000 | E21: 0 | F21: 4022717568 | G21: 4380282432 | H21: 226817568 | I21: 0 | J21: 0
B22: C-4301-1604-11 | C22: DESARROLLO AL DEPORTE SOCIAL COMUNITARIO NACIONAL | D22: 7782000000 | E22: 0 | F22: 2476889190 | G22: 5305110810 | H22: 291764190 | I22: 416876 | J22: 416876
B23: C-4301-1604-12 | C23: DESARROLLO DEL DEPORTE ESCOLAR COMO HERRAMIENTA DE CONVIVENCIA Y PAZ NACIONAL | D23: 9230000000 | E23: 0 | F23: 4844209136 | G23: 4385790864 | H23: 178640386 | I23: 0 | J23: 0
B24: C-4302-1604-16 | C24: APOYO A LA INFRAESTRUCTURA DEPORTIVA, RECREATIVA Y DE LA ACTIVIDAD FÍSICA A NIVEL NACIONAL | D24: 175651000000 | E24: 0 | F24: 494358489 | G24: 175156641511 | H24: 336963739 | I24: 794565940 | J24: 794565940
B25: C-4302-1604-17 | C25: APOYO A LA INFRAESTRUCTURA DE ALTA COMPETENCIA A NIVEL NACIONAL | D25: 62490000000 | E25: 6500000000 | F25: 72967523 | G25: 55917032477 | H25: 4042792157 | I25: 7688218148 | J25: 7688218148
B26: C-4302-1604-18 | C26: DESARROLLO DEL SISTEMA PARALÍMPICO PARA EL POSICIONAMIENTO Y LIDERAZGO DEPORTIVO NACIONAL | D26: 13299733948 | E26: 1266283948 | F26: 411633000 | G26: 11621817000 | H26: 1721939278 | I26: 2026029878 | J26: 2026029878
B27: C-4302-1604-19 | C27: DESARROLLO AL DEPORTE DEL SISTEMA OLÍMPICO Y CONVENCIONAL PARA EL POSICIONAMIENTO Y LIDERAZGO DEPORTIVO NACIONAL | D27: 96155000000 | E27: 19664450000 | F27: 12836564213 | G27: 63653985787 | H27: 22937034092 | I27: 3492749918 | J27: 3492749918
B28: C-4302-1604-20 | C28: DESARROLLO DE POLÍTICAS PÚBLICAS E INVESTIGACIÓN SECTORIAL A NIVEL NACIONAL | D28: 1000000000 | E28: 0 | F28: 139642618 | G28: 860357382 | H28: 139642618 | I28: 0 | J28: 0
B29: C-4302-1604-21 | C29: ASISTENCIA A LA COOPERACIÓN INTERNACIONAL DEL SECTOR A NIVEL NACIONAL | D29: 1200000000 | E29: 0 | F29: 131811837 | G29: 1068188163 | H29: 131811837 | I29: 0 | J29: 0
B30: C-4302-1604-22 | C30: APOYO A LA ORGANIZACIÓN DE EVENTOS DEPORTIVOS PARA LA PREPARACIÓN DE ATLETAS Y LA PROMOCIÓN DEL DEPORTE NACIONAL | D30: 45620000000 | E30: 0 | F30: 1525851616 | G30: 44094148384 | H30: 392010866 | I30: 1174458 | J30: 1174458
... B36: C-4399-1604-9 | C36: APOYO AL FORTALECIMIENTO DEL SECTOR A NIVEL NACIONAL | D36: 5950000000 | E36: 0 | F36: 203527870 | G36: 5746472130 | H36: 80299983 | I36: 23835013 | J36: 23835013
C37: PRESUPUSTO TOTAL | D37: =+D18+D5 -> 569055371065 | E37: =+E18+E5 -> 70000000000 | F37: =+F18+F5 -> 3.8410376e+10 | G37: =+G18+G5 -> 4.6064499e+11 | H37: =+H18+H5 -> 3.559443e+10 | I37: =+I18+I5 -> 17334101067 | J37: =+J5+J18 -> 17334101067

Sheet ABRIL - PROYECTO
B1: 2019
B2: Actual
B3: Abril
B4: RUBRO | C4: DESCRIPCION | D4: APR. VIGENTE | E4: APR BLOQUEADA | F4: CDP | G4: APR. DISPONIBLE | H4: COMPROMISO | I4: OBLIGACION | J4: PAGOS
C5: FUNCIONAMIENTO | D5: =SUM(D6:D17) -> 37055371065 | E5: =SUM(E6:E17) -> 0 | F5: =SUM(F6:F17) -> 2584804807 | G5: =SUM(G6:G17) -> 34470566258 | H5: =SUM(H6:H17) -> 2.3666777e+09 | I5: =SUM(I6:I17) -> 2.8325926e+09 | J5: =SUM(J6:J17) -> 2.832066e+09
B6: A-01-01-01 | C6: SALARIO | D6: 11589000000 | E6: 0 | F6: 804739384 | G6: 10784260616 | H6: 804739384 | I6: 797668141 | J6: 797668141
B7: A-01-01-02 | C7: CONTRIBUCIONES INHERENTES A LA NÓMINA | D7: 3935000000 | E7: 0 | F7: 311957119 | G7: 3623042881 | H7: 311957119 | I7: 311187519 | J7: 311187519
B8: A-01-01-03 | C8: REMUNERACIONES NO CONSTITUTIVAS DE FACTOR SALARIAL | D8: 1337000000 | E8: 0 | F8: 136829794 | G8: 1200170206 | H8: 136829794 | I8: 131873927 | J8: 131873927
B9: A-02-01 | C9: ADQUISICIÓN DE ACTIVOS NO FINANCIEROS | D9: 10000000 | E9: 0 | F9: 0 | G9: 10000000 | H9: 272113 | I9: 0 | J9: 0
B10: A-02-02 | C10: ADQUISICIONES DIFERENTES DE ACTIVOS | D10: 3952371065 | E10: 0 | F10: 14159949 | G10: 3938211116 | H10: 45760703 | I10: 501887805 | J10: 501361249
B11: A-03-03-04-048 | C11: ESCUELA NACIONAL DEL DEPORTE - ART. 51 DECRETO 2845 DE 1984 | D11: 14085000000 | E11: 0 | F11: 1.0099553e+09 | G11: 1.3075045e+10 | H11: 1.0099553e+09 | I11: 1.0099553e+09 | J11: 1.0099553e+09
B12: A-03-04-02-001 | C12: MESADAS PENSIONALES (DE PENSIONES) | D12: 1403000000 | E12: 0 | F12: 2.9421753e+08 | G12: 1.1087825e+09 | H12: 44217526 | I12: 70797045 | J12: 70797045
B13: A-03-04-02-012 | C13: INCAPACIDADES Y LICENCIAS DE MATERNIDAD Y PATERNIDAD (NO DE PENSIONES) | D13: 56000000 | E13: 0 | F13: 12945781 | G13: 43054219 | H13: 12945781 | I13: 9222914 | J13: 9222914
B14: A-03-10-01-001 | C14: SENTENCIAS | D14: 91000000 | E14: 0 | F14: 0 | G14: 91000000 | H14: 0 | I14: 0 | J14: 0
B15: A-08-01 | C15: IMPUESTOS | D15: 10000000 | E15: 0 | F15: 0 | G15: 10000000 | H15: 0 | I15: 0 | J15: 0
B16: A-08-03 | C16: TASAS Y DERECHOS ADMINISTRATIVOS | D16: 10000000 | E16: 0 | F16: 0 | G16: 10000000 | H16: 0 | I16: 0 | J16: 0
B17: A-08-04-01 | C17: CUOTA DE FISCALIZACIÓN Y AUDITAJE | D17: 577000000 | E17: 0 | F17: 0 | G17: 577000000 | H17: 0 | I17: 0 | J17: 0
C18: INVERSION | D18: =SUM(D19:D36) -> 532000000000 | E18: =SUM(E19:E36) -> 70000000000 | F18: =SUM(F19:F36) -> 4.8401258e+10 | G18: =SUM(G19:G36) -> 4.1359874e+11 | H18: =SUM(H19:H36) -> 6.3742618e+10 | I18: =SUM(I19:I36) -> 19063469450 | J18: =SUM(J19:J36) -> 19063469450
B19: C-4301-1604-8 | C19: APOYO A LA EDUCACIÓN FÍSICA EXTRAESCOLAR Y EL DEPORTE FORMATIVO PARA LA INFANCIA, ADOLESCENCIA Y JUVENTUD A NIVEL NACIONAL | D19: 73269266052 | E19: 42569266052 | F19: 9289791005 | G19: 21410208995 | H19: 378257524 | I19: 41139466 | J19: 41139466
B20: C-4301-1604-9 | C20: DESARROLLO DE LA ACTIVIDAD FÍSICA Y LOS HÁBITOS Y ESTILOS DE VIDA SALUDABLE A NIVEL NACIONAL | D20: 8750000000 | E20: 0 | F20: 2516979 | G20: 8747483021 | H20: 2186116979 | I20: 17489575 | J20: 17489575
B21: C-4301-1604-10 | C21: DESARROLLO DE LA RECREACIÓN A NIVEL NACIONAL | D21: 8403000000 | E21: 0 | F21: 24888568 | G21: 8378111432 | H21: 1806488568 | I21: 21297568 | J21: 21297568
B22: C-4301-1604-11 | C22: DESARROLLO AL DEPORTE SOCIAL COMUNITARIO NACIONAL | D22: 7782000000 | E22: 0 | F22: 21003084 | G22: 7760996916 | H22: 804220628 | I22: 21784885 | J22: 21784885
B23: C-4301-1604-12 | C23: DESARROLLO DEL DEPORTE ESCOLAR COMO HERRAMIENTA DE CONVIVENCIA Y PAZ NACIONAL | D23: 9230000000 | E23: 0 | F23: 130991592 | G23: 9099008408 | H23: 1698176342 | I23: 15117053 | J23: 15117053
B24: C-4302-1604-16 | C24: APOYO A LA INFRAESTRUCTURA DEPORTIVA, RECREATIVA Y DE LA ACTIVIDAD FÍSICA A NIVEL NACIONAL | D24: 175651000000 | E24: 0 | F24: 47561438 | G24: 175603438562 | H24: 303349488 | I24: 11743597963 | J24: 11743597963
B25: C-4302-1604-17 | C25: APOYO A LA INFRAESTRUCTURA DE ALTA COMPETENCIA A NIVEL NACIONAL | D25: 62490000000 | E25: 6500000000 | F25: 53930191 | G25: 55936069809 | H25: 17698001556 | I25: 36415713 | J25: 36415713
B26: C-4302-1604-18 | C26: DESARROLLO DEL SISTEMA PARALÍMPICO PARA EL POSICIONAMIENTO Y LIDERAZGO DEPORTIVO NACIONAL | D26: 13299733948 | E26: 1266283948 | F26: 1102483082 | G26: 10930966918 | H26: 245889366 | I26: 198565400 | J26: 198565400
B27: C-4302-1604-19 | C27: DESARROLLO AL DEPORTE DEL SISTEMA OLÍMPICO Y CONVENCIONAL PARA EL POSICIONAMIENTO Y LIDERAZGO DEPORTIVO NACIONAL | D27: 96155000000 | E27: 19664450000 | F27: 5635695529 | G27: 70854854471 | H27: 6397821721 | I27: 5981966307 | J27: 5981966307
B28: C-4302-1604-20 | C28: DESARROLLO DE POLÍTICAS PÚBLICAS E INVESTIGACIÓN SECTORIAL A NIVEL NACIONAL | D28: 1000000000 | E28: 0 | F28: 16000000 | G28: 984000000 | H28: 16000000 | I28: 16703018 | J28: 16703018
B29: C-4302-1604-21 | C29: ASISTENCIA A LA COOPERACIÓN INTERNACIONAL DEL SECTOR A NIVEL NACIONAL | D29: 1200000000 | E29: 0 | F29: 0 | G29: 1200000000 | H29: 0 | I29: 6995170 | J29: 6995170
B30: C-4302-1604-22 | C30: APOYO A LA ORGANIZACIÓN DE EVENTOS DEPORTIVOS PARA LA PREPARACIÓN DE ATLETAS Y LA PROMOCIÓN DEL DEPORTE NACIONAL | D30: 45620000000 | E30: 0 | F30: 31127088420 | G30: 14492911580 | H30: 28447305170 | I30: 347366375 | J30: 347366375
... B36: C-4399-1604-9 | C36: APOYO AL FORTALECIMIENTO DEL SECTOR A NIVEL NACIONAL | D36: 5950000000 | E36: 0 | F36: 278899254 | G36: 5671100746 | H36: 280259501 | I36: 88184444 | J36: 88184444
C37: PRESUPUSTO TOTAL | D37: =+D18+D5 -> 569055371065 | E37: =+E18+E5 -> 70000000000 | F37: =+F18+F5 -> 5.0986063e+10 | G37: =+G18+G5 -> 4.4806931e+11 | H37: =+H18+H5 -> 6.6109296e+10 | I37: =+I18+I5 -> 21896062055 | J37: =+J18+J5 -> 21895535499

Sheet MAYO - PROYECTO
B1: 2019
B2: Actual
B3: Mayo
B4: RUBRO | C4: DESCRIPCION | D4: APR. VIGENTE | E4: APR BLOQUEADA | F4: CDP | G4: APR. DISPONIBLE | H4: COMPROMISO | I4: OBLIGACION | J4: PAGOS
B5: A-01-01-01 | C5: SALARIO | D5: 11589000000 | E5: 0 | F5: 766282989 | G5: 10822717011 | H5: 766282989 | I5: 773354232 | J5: 773354232
B6: A-01-01-02 | C6: CONTRIBUCIONES INHERENTES A LA NÓMINA | D6: 3935000000 | E6: 0 | F6: 275064800 | G6: 3659935200 | H6: 275064800 | I6: 275834400 | J6: 275834400
B7: A-01-01-03 | C7: REMUNERACIONES NO CONSTITUTIVAS DE FACTOR SALARIAL | D7: 1337000000 | E7: 0 | F7: 120850915 | G7: 1216149085 | H7: 120850915 | I7: 125806782 | J7: 125806782
B8: A-02-01 | C8: ADQUISICIÓN DE ACTIVOS NO FINANCIEROS | D8: 10000000 | E8: 0 | F8: 0 | G8: 10000000 | H8: 0 | I8: 272113 | J8: 272113
B9: A-02-02 | C9: ADQUISICIONES DIFERENTES DE ACTIVOS | D9: 4202371065 | E9: 0 | F9: 180944327 | G9: 4021426738 | H9: 1.7838987e+08 | I9: 4.3491542e+08 | J9: 4.3491542e+08
B10: A-03-03-04-048 | C10: ESCUELA NACIONAL DEL DEPORTE - ART. 51 DECRETO 2845 DE 1984 | D10: 14085000000 | E10: 0 | F10: 1.0563267e+09 | G10: 1.3028673e+10 | H10: 1.0563267e+09 | I10: 1.0563267e+09 | J10: 1.0563267e+09
B11: A-03-04-02-001 | C11: MESADAS PENSIONALES (DE PENSIONES) | D11: 1153000000 | E11: 0 | F11: -2.4985391e+08 | G11: 1.4028539e+09 | H11: 146090.94 | I11: 26725610 | J11: 26725610
B12: A-03-04-02-012 | C12: INCAPACIDADES Y LICENCIAS DE MATERNIDAD Y PATERNIDAD (NO DE PENSIONES) | D12: 56000000 | E12: 0 | F12: 13872380 | G12: 42127620 | H12: 13872380 | I12: 17595247 | J12: 17595247
B13: A-03-10-01-001 | C13: SENTENCIAS | D13: 91000000 | E13: 0 | F13: 0 | G13: 91000000 | H13: 0 | I13: 0 | J13: 0
B14: A-08-01 | C14: IMPUESTOS | D14: 10000000 | E14: 0 | F14: 0 | G14: 10000000 | H14: 0 | I14: 0 | J14: 0
B15: A-08-03 | C15: TASAS Y DERECHOS ADMINISTRATIVOS | D15: 10000000 | E15: 0 | F15: 0 | G15: 10000000 | H15: 0 | I15: 0 | J15: 0
B16: A-08-04-01 | C16: CUOTA DE FISCALIZACIÓN Y AUDITAJE | D16: 577000000 | E16: 0 | F16: 0 | G16: 577000000 | H16: 0 | I16: 0 | J16: 0
D17: =SUM(D5:D16) -> 37055371065 | E17: =SUM(E5:E16) -> 0 | F17: =SUM(F5:F16) -> 2163488191 | G17: =SUM(G5:G16) -> 34891882874 | H17: =SUM(H5:H16) -> 2.4109337e+09 | I17: =SUM(I5:I16) -> 2.7108305e+09 | J17: =SUM(J5:J16) -> 2.7108305e+09
B18: C-4301-1604-8 | C18: APOYO A LA EDUCACIÓN FÍSICA EXTRAESCOLAR Y EL DEPORTE FORMATIVO PARA LA INFANCIA, ADOLESCENCIA Y JUVENTUD A NIVEL NACIONAL | D18: 73269266052 | E18: 42569266052 | F18: 15990933818 | G18: 14709066182 | H18: 21384803103 | I18: 59362401 | J18: 59362401
B19: C-4301-1604-9 | C19: DESARROLLO DE LA ACTIVIDAD FÍSICA Y LOS HÁBITOS Y ESTILOS DE VIDA SALUDABLE A NIVEL NACIONAL | D19: 8750000000 | E19: 0 | F19: 2332962315 | G19: 6417037685 | H19: 3613222315 | I19: 589757912 | J19: 589757912
B20: C-4301-1604-10 | C20: DESARROLLO DE LA RECREACIÓN A NIVEL NACIONAL | D20: 8403000000 | E20: 0 | F20: 2398171715 | G20: 6004828285 | H20: 1439071715 | I20: 36692744 | J20: 36692744
B21: C-4301-1604-11 | C21: DESARROLLO AL DEPORTE SOCIAL COMUNITARIO NACIONAL | D21: 7782000000 | E21: 0 | F21: 2990447789 | G21: 4791552211 | H21: 2355522789 | I21: 38597303 | J21: 38597303
B22: C-4301-1604-12 | C22: DESARROLLO DEL DEPORTE ESCOLAR COMO HERRAMIENTA DE CONVIVENCIA Y PAZ NACIONAL | D22: 9230000000 | E22: 0 | F22: 634969597 | G22: 8595030403 | H22: 2799313597 | I22: 29511983 | J22: 29511983
B23: C-4302-1604-16 | C23: APOYO A LA INFRAESTRUCTURA DEPORTIVA, RECREATIVA Y DE LA ACTIVIDAD FÍSICA A NIVEL NACIONAL | D23: 175651000000 | E23: 0 | F23: 548092681 | G23: 175102907319 | H23: 3.0891081e+08 | I23: 3515753945 | J23: 3515753945
B24: C-4302-1604-17 | C24: APOYO A LA INFRAESTRUCTURA DE ALTA COMPETENCIA A NIVEL NACIONAL | D24: 62490000000 | E24: 6500000000 | F24: 49782785 | G24: 55940217215 | H24: 1432495595 | I24: 42670691 | J24: 42670691
B25: C-4302-1604-18 | C25: DESARROLLO DEL SISTEMA PARALÍMPICO PARA EL POSICIONAMIENTO Y LIDERAZGO DEPORTIVO NACIONAL | D25: 13299733948 | E25: 1266283948 | F25: 0 | G25: 12033450000 | H25: 377262916 | I25: 518340182 | J25: 518340182
B26: C-4302-1604-19 | C26: DESARROLLO AL DEPORTE DEL SISTEMA OLÍMPICO Y CONVENCIONAL PARA EL POSICIONAMIENTO Y LIDERAZGO DEPORTIVO NACIONAL | D26: 96155000000 | E26: 19664450000 | F26: 217186939 | G26: 76273363061 | H26: 7023037211 | I26: 7033959749 | J26: 7033959749
B27: C-4302-1604-20 | C27: DESARROLLO DE POLÍTICAS PÚBLICAS E INVESTIGACIÓN SECTORIAL A NIVEL NACIONAL | D27: 1000000000 | E27: 0 | F27: 123384057 | G27: 876615943 | H27: 123384057 | I27: 27433300 | J27: 27433300
B28: C-4302-1604-21 | C28: ASISTENCIA A LA COOPERACIÓN INTERNACIONAL DEL SECTOR A NIVEL NACIONAL | D28: 1200000000 | E28: 0 | F28: 941200000 | G28: 258800000 | H28: 0 | I28: 18500000 | J28: 18500000
B29: C-4302-1604-22 | C29: APOYO A LA ORGANIZACIÓN DE EVENTOS DEPORTIVOS PARA LA PREPARACIÓN DE ATLETAS Y LA PROMOCIÓN DEL DEPORTE NACIONAL | D29: 45620000000 | E29: 0 | F29: -624811599 | G29: 46244811599 | H29: 423201651 | I29: 14389405260 | J29: 14389405260
... B35: C-4399-1604-9 | C35: APOYO AL FORTALECIMIENTO DEL SECTOR A NIVEL NACIONAL | D35: 5950000000 | E35: 0 | F35: 106554081 | G35: 5843445919 | H35: 205257510 | I35: 108202043 | J35: 108202043
D36: =SUM(D18:D35) -> 532000000000 | E36: =SUM(E18:E35) -> 70000000000 | F36: =SUM(F18:F35) -> 2.6717247e+10 | G36: =SUM(G18:G35) -> 4.3528275e+11 | H36: =SUM(H18:H35) -> 4.1880663e+10 | I36: =SUM(I18:I35) -> 2.739545e+10 | J36: =SUM(J18:J35) -> 2.739545e+10
D37: =+D36+D17 -> 569055371065 | E37: =+E36+E17 -> 70000000000 | F37: =+F36+F17 -> 2.8880736e+10 | G37: =+G36+G17 -> 4.7017464e+11 | H37: =+H36+H17 -> 4.4291596e+10 | I37: =+I36+I17 -> 3.0106281e+10 | J37: =+J36+J17 -> 3.0106281e+10
